[Event "Titled Tuesday Blitz February 07 Late 2023"]
[White "Javakhadze, Zurab"]
[Black "Yuan, Qingyu"]
[WhiteFideId "13603647"]
[BlackFideId "8609772"]
[WhiteElo "2459"]
[BlackElo "2373"]
[Result "0-1"]
[Round "09"]
[TimeControl "180+2"]
[Date "2023.02.07"]
[WhiteClock "0:00:02"]
[BlackClock "0:00:03"]

1. Nf3 d5 2. g3 Nf6 3. Bg2 e6 4. O-O Be7 5. c4 d4 6. e3 Nc6 7. d3 dxe3 8. Bxe3 e5 9. d4 exd4 10. Nxd4 Nxd4 11. Qxd4 O-O 12. Nc3 c6 13. Qf4 Bd6 14. Qh4 Ng4 15. Bg5 f6 16. Bc1 Be7 17. Re1 Rf7 18. h3 Ne5 19. Qe4 Qd3 20. Bf4 Bf5 21. Qe2 Nxc4 22. Rad1 Qxe2 23. Rxe2 g5 24. Bc1 Bf8 25. g4 Bg6 26. f4 gxf4 27. Bxf4 Nb6 28. Bf3 Rd7 29. Rxd7 Nxd7 30. h4 Re8 31. Rd2 Ne5 32. Bd1 Nc4 33. Bb3 Bf7 34. Rd7 Re7 35. Rd8 Kg7 36. h5 h6 37. Kf2 Ne5 38. Bd1 Re8 39. Rd2 Be6 40. Kg3 Bf7 41. Ne4 Be6 42. Nd6 Bxd6 43. Rxd6 Kf7 44. Bxh6 Bxg4 45. Bb3+ Be6 46. Rxe6 Rxe6 47. Bf4 Ke7 48. Bxe5 Rxe5 49. Be6 Kxe6 0-1


[Site "https://www.chess.com"]

[Event "Titled Tuesday Blitz February 07 Late 2023"]
[White "Stoyanov, Tsvetan"]
[Black "Dourerassou, Jonathan"]
[WhiteFideId "2917173"]
[BlackFideId "628050"]
[WhiteElo "2454"]
[BlackElo "2414"]
[Result "1-0"]
[Round "09"]
[TimeControl "180+2"]
[Date "2023.02.07"]
[WhiteClock "0:00:49"]
[BlackClock "0:00:02"]

1. e4 c5 2. Nf3 Nc6 3. d4 cxd4 4. Nxd4 Nf6 5. Nc3 e6 6. Ndb5 d6 7. Bf4 e5 8. Bg5 a6 9. Na3 b5 10. Nd5 Be7 11. Bxf6 Bxf6 12. c3 O-O 13. Nc2 Bg5 14. a4 bxa4 15. Rxa4 Bb7 16. Bc4 Na5 17. Ba2 Bc6 18. Ra3 Bb5 19. h4 Bh6 20. Nce3 Bxe3 21. Nxe3 Nb7 22. Bd5 Nc5 23. c4 Be8 24. Bxa8 Qxa8 25. Qxd6 Nxe4 26. Qxe5 Bc6 27. Nf5 f6 28. Qc7 Rf7 29. Ne7+ Rxe7 30. Qxe7 Qc8 31. Re3 f5 32. O-O Bd7 33. Rd1 Nf6 34. Rd6 Ba4 35. Rd8+ 1-0


[Site "https://www.chess.com"]

[Event "Titled Tuesday Blitz February 07 Late 2023"]
[White "Ramirez, Alejandro"]
[Black "Perske, Thore"]
[WhiteFideId "6500617"]
[BlackFideId "12902195"]
[WhiteElo "2572"]
[BlackElo "2448"]
[Result "0-1"]
[Round "09"]
[TimeControl "180+2"]
[Date "2023.02.07"]
[WhiteClock "0:00:01"]
[BlackClock "0:00:11"]

1. Nf3 Nf6 2. b3 d6 3. Bb2 e5 4. g3 g6 5. Bg2 Bg7 6. d4 e4 7. Nfd2 d5 8. O-O O-O 9. c4 c6 10. b4 Re8 11. e3 h5 12. h3 Na6 13. b5 Nc7 14. bxc6 bxc6 15. Nc3 Ne6 16. cxd5 cxd5 17. Ba3 Ba6 18. Re1 Qa5 19. Bb2 h4 20. g4 Rec8 21. Rc1 Bf8 22. Nb3 Qb4 23. Ba1 Bd3 24. Nc5 Nxc5 25. dxc5 Rxc5 26. g5 Nh7 27. Qg4 Bg7 28. Nxd5 Rxd5 29. Rc8+ Rxc8 30. Qxc8+ Nf8 31. Rc1 Bxa1 32. Rxa1 Rxg5 33. Kh1 Qb2 34. Rg1 Qxa2 35. Qd8 Rf5 36. Qxh4 Qxf2 37. Qg4 Qxe3 38. h4 Qf4 39. Qh3 Rh5 0-1


[Site "https://www.chess.com"]

[Event "Titled Tuesday Blitz February 07 Late 2023"]
[White "Borges Feria, Yasel"]
[Black "Gutenev, Alexander"]
[WhiteFideId "3504921"]
[BlackFideId "4195540"]
[WhiteElo "2439"]
[BlackElo "2455"]
[Result "1-0"]
[Round "09"]
[TimeControl "180+2"]
[Date "2023.02.07"]
[WhiteClock "0:00:18"]
[BlackClock "0:00:16"]

1. d4 Nf6 2. c4 b6 3. Nc3 Bb7 4. f3 d5 5. cxd5 Nxd5 6. e4 Nxc3 7. bxc3 e5 8. Bc4 exd4 9. cxd4 Bb4+ 10. Kf2 O-O 11. Ne2 Nc6 12. Be3 Na5 13. Bd3 c5 14. d5 c4 15. Bc2 f5 16. Nf4 Qd6 17. g3 fxe4 18. Bxe4 Rae8 19. Kg2 c3 20. Qc2 g6 21. Rhe1 Nc4 22. Bd4 Nd2 23. Bxc3 Rc8 24. Qxd2 Bxc3 25. Qd3 Bxa1 26. Rxa1 Qe5 27. Rd1 Rc3 28. Qd2 Rd8 29. Re1 Qf6 30. h4 Rc5 31. Re2 Qc3 32. Qd1 Bc8 33. Qb1 Qf6 34. h5 g5 35. Bxh7+ Kg7 36. Ne6+ Bxe6 37. Rxe6 Qf7 38. Bg6 Qc7 39. Qb2+ Rc3 40. Qd2 Qc5 41. Qxg5 Rxd5 42. h6+ Kf8 43. Re8# 1-0


[Site "https://www.chess.com"]

[Event "Titled Tuesday Blitz February 07 Late 2023"]
[White "Yanchenko, Roman"]
[Black "Preotu, Razvan"]
[WhiteFideId "4137329"]
[BlackFideId "2613280"]
[WhiteElo "2466"]
[BlackElo "2475"]
[Result "1-0"]
[Round "09"]
[TimeControl "180+2"]
[Date "2023.02.07"]
[WhiteClock "0:00:16"]
[BlackClock "0:00:02"]

1. d4 Nf6 2. Nf3 g6 3. c4 Bg7 4. Nc3 d5 5. e3 O-O 6. b3 c5 7. Bb2 cxd4 8. Nxd4 e5 9. Nf3 d4 10. exd4 exd4 11. Qxd4 Qa5 12. O-O-O Ng4 13. b4 Bxd4 14. bxa5 Bxc3 15. Bxc3 Nxf2 16. Bd3 Nxh1 17. Rxh1 Nc6 18. Be4 Bf5 19. Bd5 Be6 20. Rd1 Rac8 21. Kb2 Bxd5 22. cxd5 Nb8 23. Ne5 f6 24. Nd3 Nd7 25. Nf4 Rfe8 26. d6 Rc5 27. Nd5 Re2+ 28. Kb3 Kf7 29. Nxf6 Nxf6 30. Bxf6 Rb5+ 31. Kc4 a6 32. d7 Rc2+ 33. Kd3 Rcc5 34. d8=Q Rd5+ 35. Kc3 Rxd8 36. Bxd8 Ke6 37. Bb6 1-0


[Site "https://www.chess.com"]

[Event "Titled Tuesday Blitz February 07 Late 2023"]
[White "Oganian, Miran"]
[Black "Herman, Daniel"]
[WhiteFideId "4122488"]
[BlackFideId "30935008"]
[WhiteElo "2439"]
[BlackElo "1956"]
[Result "1-0"]
[Round "09"]
[TimeControl "180+2"]
[Date "2023.02.07"]
[WhiteClock "0:01:11"]
[BlackClock "0:00:01"]

1. e4 e5 2. Nf3 Nc6 3. Nc3 Nf6 4. d4 exd4 5. Nxd4 Bb4 6. Nxc6 bxc6 7. Bd3 O-O 8. O-O d5 9. exd5 Bg4 10. Be2 Bxe2 11. Nxe2 cxd5 12. c3 Bd6 13. Nd4 Qd7 14. Qf3 Ne4 15. Nf5 Be5 16. Rd1 Nf6 17. Bh6 gxh6 18. Re1 Ne4 19. Rad1 Ng5 20. Qg4 Kh8 21. Rxe5 c6 22. h4 Ne6 23. Nxh6 Rg8 24. Nxg8 Rxg8 25. Qf3 Qe7 26. h5 Qf8 27. g3 Qg7 28. Rf5 Ng5 29. Qg2 Ne4 30. Re1 Qg4 31. Rf4 Qxh5 32. Rh4 Qg6 33. Rf4 f5 34. Qh3 Rf8 35. c4 Rg8 36. Qxf5 Qg7 37. Rfxe4 dxe4 38. Qxe4 Qxb2 39. Qe5+ Qxe5 40. Rxe5 Rg4 41. Rc5 Rg6 42. Ra5 Rg4 43. c5 Rc4 44. Kg2 h5 45. Kh3 Kg8 46. f4 1-0


[Site "https://www.chess.com"]

[Event "Titled Tuesday Blitz February 07 Late 2023"]
[White "Ozen, Bahadir"]
[Black "Janaszak, Dawid"]
[WhiteFideId "6337058"]
[BlackFideId "1119206"]
[WhiteElo "2369"]
[BlackElo "2316"]
[Result "1/2-1/2"]
[Round "09"]
[TimeControl "180+2"]
[Date "2023.02.07"]
[WhiteClock "0:01:13"]
[BlackClock "0:01:06"]

1. g3 c5 2. Bg2 Nc6 3. e3 e5 4. c4 Nf6 5. Nc3 h5 6. h3 d6 7. d3 Be6 8. Nd5 Qd7 9. Ne2 Be7 10. Nec3 Bd8 11. a3 a6 12. Rb1 Rb8 13. b4 cxb4 14. axb4 b5 15. Bd2 bxc4 16. dxc4 O-O 17. Nxf6+ Bxf6 18. Nd5 Bxd5 19. cxd5 Ne7 20. Qxh5 Qb5 21. Qe2 Nxd5 22. Qxb5 Rxb5 23. O-O Rfb8 24. Ra1 Nxb4 25. Bxb4 Rxb4 26. Rxa6 Be7 27. Ra7 Kf8 28. Rc1 Rb1 29. Ra1 Rxa1 30. Rxa1 g6 31. Ra8 Rxa8 32. Bxa8 f5 1/2-1/2


[Site "https://www.chess.com"]

[Event "Titled Tuesday Blitz February 07 Late 2023"]
[White "Urazayev, Arystanbek"]
[Black "Di Berardino, Diego Rafael"]
[WhiteFideId "13709810"]
[BlackFideId "2105446"]
[WhiteElo "2460"]
[BlackElo "2479"]
[Result "1-0"]
[Round "09"]
[TimeControl "180+2"]
[Date "2023.02.07"]
[WhiteClock "0:02:07"]
[BlackClock "0:00:13"]

1. d4 Nf6 2. c4 g6 3. Nc3 Bg7 4. e4 O-O 5. Nf3 d6 6. Be2 e5 7. O-O Nbd7 8. Re1 Re8 9. Qc2 Qe7 10. d5 Nh5 11. Be3 Bf8 12. b4 Ng7 13. c5 dxc5 14. bxc5 Nxc5 15. d6 Qxd6 16. Red1 Qf6 17. Nd5 Qd6 18. Bxc5 Qxc5 19. Nf6+ Kh8 20. Qxc5 Bxc5 21. Nxe8 Nxe8 22. Rd8 1-0


[Site "https://www.chess.com"]

[Event "Titled Tuesday Blitz February 07 Late 2023"]
[White "Klose, Eli"]
[Black "Harvey, Marcus R"]
[WhiteFideId "16242955"]
[BlackFideId "400092"]
[WhiteElo "1519"]
[BlackElo "2462"]
[Result "0-1"]
[Round "09"]
[TimeControl "180+2"]
[Date "2023.02.07"]
[WhiteClock "0:00:33"]
[BlackClock "0:01:09"]

1. e4 c5 2. Nc3 d6 3. g3 g6 4. d3 Bg7 5. Bg2 Nc6 6. f4 e6 7. Nf3 Nge7 8. O-O O-O 9. Be3 Rb8 10. Qd2 b5 11. Nh4 b4 12. Nd1 f5 13. exf5 gxf5 14. Nf3 a5 15. Re1 h6 16. d4 c4 17. Bf2 Nd5 18. Ne3 c3 19. bxc3 bxc3 20. Qd1 Nce7 21. Nxd5 Nxd5 22. Nh4 Rb2 23. Bxd5 exd5 24. Qd3 Qc7 25. Ng6 Rf7 26. Re3 Kh7 27. Nh4 Qc4 28. Qxc4 dxc4 29. Rxc3 d5 30. Nf3 Bf8 31. a3 Rfb7 32. Re3 Bd7 33. Ne1 Bd6 34. Nf3 Rxc2 35. Ne5 Ba4 36. g4 Rbb2 37. Bg3 fxg4 38. Nxg4 h5 39. Nf6+ Kg6 40. Nxd5 Kf5 41. Nc3 Bc6 42. d5 Bc5 43. Re1 Rxc3 0-1


[Site "https://www.chess.com"]

[Event "Titled Tuesday Blitz February 07 Late 2023"]
[White "Timmermans, Mark"]
[Black "Averjanov, Alexey"]
[WhiteFideId "1026399"]
[BlackFideId "14109867"]
[WhiteElo "2392"]
[BlackElo "2399"]
[Result "1-0"]
[Round "09"]
[TimeControl "180+2"]
[Date "2023.02.07"]
[WhiteClock "0:00:20"]
[BlackClock "0:00:01"]

1. e4 c6 2. d4 d5 3. Nd2 dxe4 4. Nxe4 Bf5 5. Ng3 Bg6 6. Nf3 Nd7 7. h4 h6 8. h5 Bh7 9. Bd3 Bxd3 10. Qxd3 e6 11. Bf4 Ngf6 12. O-O-O Be7 13. Kb1 O-O 14. Ne4 Nxe4 15. Qxe4 Nf6 16. Qe2 Qd5 17. g4 Qe4 18. Be3 Nxg4 19. Nd2 Qf5 20. Rhg1 Nxe3 21. fxe3 Kh8 22. Rdf1 Qd5 23. c4 Qd7 24. Nf3 Bf6 25. Qh2 Rg8 26. Rg2 c5 27. Ne5 Bxe5 28. Qxe5 cxd4 29. exd4 Rac8 30. b3 Rcd8 31. Rf4 f6 32. Qe2 Qf7 33. Rg6 Rd7 34. Re4 Rgd8 35. Rxe6 Rxd4 36. Re7 Rd1+ 37. Kc2 R1d2+ 38. Kc3 R8d3+ 39. Kb4 Qf8 40. Qe6 Rd6 41. Qf7 Rb6+ 42. Kc3 Qxf7 43. Rxf7 Rh2 44. Rfxg7 Rh3+ 45. Kd4 Rd6+ 46. Ke4 f5+ 47. Kxf5 Rxg6 48. Rxg6 Rxh5+ 49. Kg4 Rh2 50. a4 Kh7 51. Rd6 Kg8 52. Rd8+ Kf7 53. Rd7+ Ke6 54. Rxb7 a5 55. Rb5 Rb2 56. Kf4 1-0


[Site "https://www.chess.com"]

[Event "Titled Tuesday Blitz February 07 Late 2023"]
[White "Goroshkov, Maksym"]
[Black "Schroeder, Jan-Christian"]
[WhiteFideId "14142716"]
[BlackFideId "24662259"]
[WhiteElo "2287"]
[BlackElo "2553"]
[Result "1-0"]
[Round "09"]
[TimeControl "180+2"]
[Date "2023.02.07"]
[WhiteClock "0:01:12"]
[BlackClock "0:00:13"]

1. e4 c6 2. d4 d5 3. exd5 cxd5 4. c4 Nf6 5. Nc3 e6 6. Nf3 Be7 7. Be2 O-O 8. O-O dxc4 9. Bxc4 b6 10. d5 exd5 11. Nxd5 Ba6 12. Bxa6 Nxa6 13. Nxe7+ Qxe7 14. Bg5 Rfd8 15. Qa4 Nc5 16. Qh4 Ne6 17. Rfe1 Rac8 18. Nd4 Rc4 19. Bxf6 Qxf6 20. Qxf6 gxf6 21. Nxe6 fxe6 22. Rxe6 Rd2 23. Rxf6 Rxb2 24. h3 Rcc2 25. Rd1 Rd2 26. Re1 Re2 27. Rxe2 Rxe2 28. a4 Re5 29. Rf4 Kg7 30. g4 a5 31. Kg2 b5 32. axb5 Rxb5 33. Ra4 Kf6 34. f4 Ke6 35. Kg3 Kd6 36. f5 Rd5 37. Kf4 Kc6 38. Kg5 Kb5 39. Ra1 a4 40. h4 Rd7 41. Kh6 Ra7 42. g5 Kc5 43. f6 Kd5 44. Re1 a3 45. h5 a2 46. g6 hxg6 47. hxg6 a1=Q 48. Rxa1 Rxa1 49. f7 Rf1 50. g7 Rxf7 51. g8=Q Ke6 52. Kg6 1-0


[Site "https://www.chess.com"]

[Event "Titled Tuesday Blitz February 07 Late 2023"]
[White "Shapiro, Viktor"]
[Black "Fernandez Guillen, Ernesto J."]
[WhiteFideId "4175700"]
[BlackFideId "3512428"]
[WhiteElo "2192"]
[BlackElo "2477"]
[Result "0-1"]
[Round "09"]
[TimeControl "180+2"]
[Date "2023.02.07"]
[WhiteClock "0:00:21"]
[BlackClock "0:00:16"]

1. c4 e5 2. Nc3 Nc6 3. g3 f5 4. Bg2 Nf6 5. d3 d6 6. Nf3 h6 7. O-O g5 8. Rb1 Bg7 9. b4 O-O 10. b5 Ne7 11. c5 Ng6 12. Qb3+ Kh8 13. cxd6 cxd6 14. Ba3 g4 15. Nd2 h5 16. Nc4 Be6 17. Qb4 d5 18. Nd6 Qd7 19. e4 dxe4 20. dxe4 f4 21. Rfd1 f3 22. Bf1 Qe7 23. Qa4 h4 24. Nf5 Qf7 25. Bxf8 Rxf8 26. Qxa7 hxg3 27. fxg3 Bxf5 28. exf5 Ne7 29. Qxb7 Re8 30. Ne4 Qh5 31. Nxf6 Bxf6 32. Rd6 Bg5 33. Qe4 Nxf5 34. Re1 f2+ 35. Kxf2 Qxh2+ 36. Bg2 Qxg3+ 37. Kf1 Nxd6 38. Qe2 Rf8+ 39. Kg1 Bf4 40. Qf2 Qxf2+ 41. Kxf2 Bd2+ 42. Ke2 Bxe1 43. Kxe1 Nxb5 0-1


[Site "https://www.chess.com"]

[Event "Titled Tuesday Blitz February 07 Late 2023"]
[White "Fisher_TheGalactic"]
[Black "Alex_Sahakyan2006"]
[WhiteElo "2561"]
[BlackElo "2733"]
[Result "1-0"]
[Round "09"]
[TimeControl "180+2"]
[Date "2023.02.07"]
[WhiteClock "0:00:22"]
[BlackClock "0:00:02"]

1. Nf3 c5 2. g3 b6 3. Bg2 Bb7 4. O-O Nf6 5. d3 d5 6. Nbd2 e6 7. b3 Be7 8. Bb2 O-O 9. Re1 d4 10. e4 dxe3 11. fxe3 Nbd7 12. e4 b5 13. Qe2 Qb6 14. Kh1 Rac8 15. a4 a6 16. axb5 axb5 17. Ne5 Nxe5 18. Bxe5 Nd7 19. Bb2 e5 20. Bh3 f5 21. Bg2 f4 22. Bh3 Rcd8 23. Bxd7 Rxd7 24. Bxe5 fxg3 25. Bxg3 Qh6 26. Rf1 Bf6 27. Rad1 Rdf7 28. Bd6 Rc8 29. Qg4 Rd8 30. Bf4 Qg6 31. Qxg6 hxg6 32. Be3 Rc7 33. Kg1 Bc3 34. Nf3 c4 35. Bb6 Rdc8 36. Bxc7 Rxc7 37. dxc4 bxc4 38. Rd8+ Kh7 39. Ng5+ Kh6 40. Nf7+ Kh5 41. h3 Kh4 42. Kh2 Rc8 43. Rxc8 Bxc8 44. bxc4 g5 45. Rf3 Bd4 46. Rd3 Bc5 47. e5 1-0


[Site "https://www.chess.com"]

[Event "Titled Tuesday Blitz February 07 Late 2023"]
[White "Tanenbaum, Zachary"]
[Black "Golubev, Mikhail"]
[WhiteFideId "2060850"]
[BlackFideId "14100983"]
[WhiteElo "2261"]
[BlackElo "2461"]
[Result "1-0"]
[Round "09"]
[TimeControl "180+2"]
[Date "2023.02.07"]
[WhiteClock "0:00:14"]
[BlackClock "0:00:06"]

1. e4 c5 2. Nf3 d6 3. d4 cxd4 4. Nxd4 Nf6 5. Nc3 g6 6. Be3 Bg7 7. f3 O-O 8. Qd2 Nc6 9. g4 Nxd4 10. Bxd4 Be6 11. O-O-O Qa5 12. Kb1 Rfc8 13. a3 Rab8 14. h4 b5 15. Nd5 Qxd2 16. Rxd2 Bxd5 17. exd5 a5 18. h5 b4 19. Ba6 Rc7 20. a4 Nd7 21. Bxg7 Kxg7 22. f4 Nf6 23. hxg6 hxg6 24. g5 Nh5 25. Rdh2 Rc5 26. Be2 Rxd5 27. Bxh5 gxh5 28. Rxh5 Rg8 29. g6 Rxh5 30. Rxh5 fxg6 31. Rxa5 Rf8 32. Ra7 Rxf4 33. Rxe7+ Kf6 34. Rb7 g5 35. a5 Rf5 36. a6 Ra5 37. a7 g4 38. Rxb4 g3 39. Rg4 Rxa7 40. Rxg3 Ke6 41. b3 Rh7 42. Kb2 Kd5 43. Rc3 Rh4 44. Rc8 Kd4 45. Rc4+ 1-0


[Site "https://www.chess.com"]

[Event "Titled Tuesday Blitz February 07 Late 2023"]
[White "Salimova, Nurgyul"]
[Black "Aggelis, Nikolaos"]
[WhiteFideId "2915138"]
[BlackFideId "4213220"]
[WhiteElo "2391"]
[BlackElo "2270"]
[Result "1-0"]
[Round "09"]
[TimeControl "180+2"]
[Date "2023.02.07"]
[WhiteClock "0:00:12"]
[BlackClock "0:00:25"]

1. d4 Nf6 2. Nf3 g6 3. g3 Bg7 4. Bg2 O-O 5. O-O d5 6. a4 c5 7. dxc5 Na6 8. c4 dxc4 9. Qc2 Be6 10. Ng5 Bd5 11. e4 Bc6 12. Qxc4 Qa5 13. Be3 h6 14. Nh3 Ng4 15. Bd4 e5 16. Bc3 Qxc5 17. Qe2 Nf6 18. Nd2 Nb4 19. Rfc1 a5 20. Nb3 Qe7 21. Qc4 Qe6 22. Qxe6 fxe6 23. Nc5 Kf7 24. Bxe5 Rfd8 25. Nf4 Rd2 26. Bc3 Rc2 27. Rxc2 Nxc2 28. Rc1 Nb4 29. Ncxe6 Bh8 30. Nc5 g5 31. Ne2 Re8 32. e5 Bxg2 33. Kxg2 Nfd5 34. Nxb7 Nxc3 35. bxc3 Nd3 36. Rd1 Rxe5 37. Rxd3 Rxe2 38. Nxa5 Rc2 39. Nc6 Rxc3 40. Rxc3 Bxc3 41. Kf3 Ke6 42. Ke4 Kd6 43. Nd8 Ke7 44. Nb7 Kd7 45. Nc5+ Kc6 46. Nd3 Kb7 47. f4 gxf4 48. gxf4 Ka6 49. f5 Ka5 50. Nc5 Kb4 51. Ne6 Kxa4 52. Nd4 Kb4 53. f6 Kc4 54. f7 Bb4 55. Ne6 h5 56. f8=Q Bxf8 57. Nxf8 Kc5 58. Kf5 Kd6 59. h4 Ke7 60. Ng6+ Kf7 61. Nf4 Kg7 62. Nxh5+ Kh6 63. Kg4 Kg6 64. Ng3 Kh6 65. Ne4 Kg6 66. h5+ Kh6 67. Ng5 Kg7 68. Nf3 Kh6 69. Nh4 Kg7 70. Kg5 Kh7 71. h6 Kh8 72. Kg6 Kg8 73. Nf3 Kh8 74. Ng5 Kg8 75. h7+ Kh8 76. Nf7# 1-0


[Site "https://www.chess.com"]

[Event "Titled Tuesday Blitz February 07 Late 2023"]
[White "Cardoso Cardoso, Jose Gabriel"]
[Black "Kavutskiy, Konstantin"]
[WhiteFideId "4430492"]
[BlackFideId "2026384"]
[WhiteElo "2492"]
[BlackElo "2414"]
[Result "1-0"]
[Round "09"]
[TimeControl "180+2"]
[Date "2023.02.07"]
[WhiteClock "0:01:59"]
[BlackClock "0:00:58"]

1. c4 g6 2. Nc3 Bg7 3. g3 c5 4. Bg2 Nc6 5. d3 d6 6. e3 e5 7. Nge2 Nge7 8. Rb1 h5 9. h3 b6 10. Qd2 Bb7 11. O-O h4 12. g4 f5 13. g5 Qd7 14. b3 Nb4 15. a3 Bxg2 16. Kxg2 Qb7+ 17. f3 Nbc6 18. Nd5 Nxd5 19. cxd5 Nd8 20. e4 f4 21. Rg1 Nf7 22. Kf2 Rh5 23. Bb2 Nxg5 24. Rh1 Qd7 25. Kg2 Nh7 26. Rbg1 Kf7 27. Kf2 Bf6 28. Rg4 Ng5 29. Nxf4 Rh6 30. Ne6 Qe7 31. Nxg5+ Bxg5 32. Qxg5 1-0


[Site "https://www.chess.com"]

[Event "Titled Tuesday Blitz February 07 Late 2023"]
[White "Tan, Zhongyi"]
[Black "Ismagilov, Damir"]
[WhiteFideId "8603642"]
[BlackFideId "34199982"]
[WhiteElo "2517"]
[BlackElo "2156"]
[Result "1/2-1/2"]
[Round "09"]
[TimeControl "180+2"]
[Date "2023.02.07"]
[WhiteClock "0:02:30"]
[BlackClock "0:01:52"]

1. d4 Nf6 2. c4 e6 3. g3 d5 4. Bg2 c6 5. Nf3 b6 6. O-O Be7 7. Nc3 O-O 8. b3 Ba6 9. Nd2 b5 10. e4 dxc4 11. e5 Nd5 12. Nxd5 cxd5 1/2-1/2


[Site "https://www.chess.com"]

[Event "Titled Tuesday Blitz February 07 Late 2023"]
[White "UnknownMagician"]
[Black "Bilan, Danila"]
[BlackFideId "24161918"]
[WhiteElo "2696"]
[BlackElo "2303"]
[Result "0-1"]
[Round "09"]
[TimeControl "180+2"]
[Date "2023.02.07"]
[WhiteClock "0:01:31"]
[BlackClock "0:00:55"]

1. Nf3 d5 2. e3 Nf6 3. c4 c6 4. b3 Bf5 5. Bb2 e6 6. Nc3 h6 7. d4 Nbd7 8. Bd3 g6 9. O-O Bd6 10. Re1 O-O 11. Rc1 Ne4 12. Bxe4 dxe4 13. Nd2 Nf6 14. h3 e5 15. d5 g5 16. Qc2 g4 17. h4 cxd5 18. Nxd5 Nxd5 19. cxd5 Qxh4 20. Nxe4 g3 21. fxg3 Qxe4 0-1


[Site "https://www.chess.com"]

[Event "Titled Tuesday Blitz February 07 Late 2023"]
[White "Danielyan, Vahe"]
[Black "Taspinar, Yanki"]
[WhiteFideId "13304828"]
[BlackFideId "34561188"]
[WhiteElo "2346"]
[BlackElo "2262"]
[Result "1-0"]
[Round "09"]
[TimeControl "180+2"]
[Date "2023.02.07"]
[WhiteClock "0:02:09"]
[BlackClock "0:00:01"]

1. c4 Nf6 2. Nc3 c6 3. Nf3 g6 4. e3 Bg7 5. Be2 O-O 6. O-O d5 7. d4 Bg4 8. cxd5 cxd5 9. h3 Bxf3 10. Bxf3 e6 11. Bd2 Nc6 12. Qb3 b6 13. Rfc1 Rc8 14. Be2 Na5 15. Qa4 Qd7 16. Bb5 Qe7 17. Rc2 Nc4 18. Be1 Nd6 19. Rac1 Rc7 20. Ba6 g5 21. Nb5 Rxc2 22. Rxc2 Nxb5 23. Qxb5 Rd8 24. Bb4 Qd7 25. Qxd7 Nxd7 26. Rc7 Nb8 27. Bb5 a6 28. Be7 axb5 29. Bxd8 Bf8 30. Be7 1-0


[Site "https://www.chess.com"]

[Event "Titled Tuesday Blitz February 07 Late 2023"]
[White "Fernandez Garcia, Gumersindo"]
[Black "Kalogeris, Ioannis"]
[WhiteFideId "24516740"]
[BlackFideId "4239563"]
[WhiteElo "2160"]
[BlackElo "2423"]
[Result "0-1"]
[Round "09"]
[TimeControl "180+2"]
[Date "2023.02.07"]
[WhiteClock "0:00:05"]
[BlackClock "0:00:16"]

1. d4 d5 2. c4 c6 3. Nc3 Nf6 4. Nf3 dxc4 5. e4 b5 6. Be2 b4 7. e5 bxc3 8. exf6 cxb2 9. fxg7 Bxg7 10. Bxb2 Qa5+ 11. Qd2 Qxd2+ 12. Nxd2 O-O 13. Nxc4 Rd8 14. Rd1 Be6 15. O-O Nd7 16. Ba3 Nb6 17. Ne5 Bxe5 18. dxe5 Kf8 19. Bd3 Bxa2 20. Bxh7 Nc4 21. Ra1 Bb3 22. Bc5 a5 23. e6 Nd2 24. Rfe1 Bxe6 25. Bb6 Rdb8 26. Bxa5 Nb3 27. Bc7 Rxa1 28. Rxa1 Rb7 29. Be5 Nxa1 30. Bxa1 c5 31. h4 f5 32. Be5 c4 33. h5 Rb3 34. g4 c3 35. gxf5 c2 36. Bf4 Bg8 37. Bg6 Rb1+ 38. Kh2 c1=Q 39. Bxc1 Rxc1 40. h6 Bd5 41. Kg3 Rh1 42. h7 Kg7 43. Kf4 Bf7 44. Kg5 Bxg6 45. fxg6 Rg1+ 46. Kh5 e5 47. f3 Rg2 48. h8=Q+ Kxh8 49. Kh6 Kg8 50. Kh5 Kg7 0-1


[Site "https://www.chess.com"]

[Event "Titled Tuesday Blitz February 07 Late 2023"]
[White "Rottenwohrer Suarez, Juan"]
[Black "Godzwon, Iwo"]
[WhiteFideId "32068182"]
[BlackFideId "21802483"]
[WhiteElo "2265"]
[BlackElo "2394"]
[Result "0-1"]
[Round "09"]
[TimeControl "180+2"]
[Date "2023.02.07"]
[WhiteClock "0:00:01"]
[BlackClock "0:01:02"]

1. Nf3 c5 2. g3 g6 3. Bg2 Bg7 4. O-O Nc6 5. c4 e6 6. Nc3 Nge7 7. a3 O-O 8. b4 d6 9. bxc5 dxc5 10. Qc2 b6 11. d3 Bb7 12. Bb2 Rc8 13. a4 Nf5 14. Ne4 Nb4 15. Qb3 Bxb2 16. Qxb2 Bxe4 17. dxe4 Nd4 18. Nxd4 Qxd4 19. Qxd4 cxd4 20. Rfc1 Rc5 21. Rab1 a5 22. Rd1 Rxc4 23. e5 Rfc8 24. f4 Rd8 25. Rd2 Rc3 26. Rbd1 d3 27. Be4 Ra3 28. exd3 Rxa4 29. d4 Nd5 30. Rb2 Nc3 31. Re1 Rdxd4 32. Bf3 Rab4 33. Rc2 Nd5 34. Rc8+ Kg7 35. Rec1 a4 36. Ra8 Rdc4 37. Rd1 Rd4 38. Rc1 Rbc4 39. Rb1 Rc3 40. Bxd5 exd5 41. Rb8 a3 42. Rb7 a2 43. Ra1 Rd2 44. e6 Rb3 45. Rxf7+ Kg8 46. Rc1 Rb1 47. Rc7 a1=Q 48. Rc8+ Kg7 49. Rc7+ Kf6 50. e7 Rxc1+ 0-1


[Site "https://www.chess.com"]

[Event "Titled Tuesday Blitz February 07 Late 2023"]
[White "Remolar Gallen, Jose"]
[Black "Martinez Ramirez, Lennis"]
[WhiteFideId "2215187"]
[BlackFideId "3509079"]
[WhiteElo "2285"]
[BlackElo "2426"]
[Result "0-1"]
[Round "09"]
[TimeControl "180+2"]
[Date "2023.02.07"]
[WhiteClock "0:00:01"]
[BlackClock "0:01:06"]

1. e4 c5 2. Nf3 d6 3. d4 cxd4 4. Nxd4 Nf6 5. Nc3 a6 6. Bg5 e6 7. f4 Be7 8. Qf3 Qc7 9. O-O-O Nbd7 10. g4 h6 11. Bxf6 Bxf6 12. h4 Nb6 13. g5 Bxd4 14. Rxd4 e5 15. Rd2 Bd7 16. f5 hxg5 17. hxg5 O-O-O 18. Be2 Bc6 19. Rhd1 Kb8 20. b3 Rh4 21. Kb2 Rf4 22. Qg2 Rxf5 23. Rf1 Rf4 24. a4 d5 25. a5 d4 26. Na2 Nc8 27. Rxf4 exf4 28. Qf3 Qe5 29. Bd3 Qxg5 30. Rf2 Nd6 31. Qxf4 Qxf4 32. Rxf4 Re8 33. Rg4 g6 34. e5 Rxe5 35. Rxd4 Rd5 36. Rf4 Rxa5 37. Nb4 Kc7 38. c4 Rh5 39. Rf6 a5 40. Nc2 Bd7 41. c5 Rxc5 0-1


[Site "https://www.chess.com"]

[Event "Titled Tuesday Blitz February 07 Late 2023"]
[White "Rosen, Eric"]
[Black "Carrasco Miranda, Andres"]
[WhiteFideId "2032562"]
[BlackFideId "3405990"]
[WhiteElo "2349"]
[BlackElo "2240"]
[Result "1-0"]
[Round "09"]
[TimeControl "180+2"]
[Date "2023.02.07"]
[WhiteClock "0:01:49"]
[BlackClock "0:01:39"]

1. e4 c5 2. Nc3 d6 3. d4 cxd4 4. Qxd4 Nc6 5. Qd2 g6 6. b3 Bh6 7. f4 Nf6 8. Bb2 e5 9. g3 O-O 10. O-O-O Bg4 11. Be2 Rc8 12. h3 Bxe2 13. Ngxe2 Qa5 14. Kb1 Rfd8 15. Rhf1 Nh5 16. Qd3 Nb4 17. Qf3 exf4 18. a3 Nxc2 19. Kxc2 Nxg3 20. Nxg3 1-0


[Site "https://www.chess.com"]

[Event "Titled Tuesday Blitz February 07 Late 2023"]
[White "Kamsky, Gata"]
[Black "Filgueira, Hernan"]
[WhiteFideId "2000024"]
[BlackFideId "101770"]
[WhiteElo "2665"]
[BlackElo "2283"]
[Result "1/2-1/2"]
[Round "09"]
[TimeControl "180+2"]
[Date "2023.02.07"]
[WhiteClock "0:00:12"]
[BlackClock "0:00:13"]

1. e4 e6 2. Qe2 c5 3. Nf3 Nc6 4. d3 d6 5. g3 Nf6 6. Bg2 Be7 7. O-O O-O 8. c3 e5 9. a3 b5 10. d4 cxd4 11. cxd4 Bg4 12. Qxb5 Bxf3 13. Qxc6 Bxg2 14. Kxg2 Rc8 15. Qa4 Nxe4 16. Nd2 Nxd2 17. Bxd2 Qb6 18. dxe5 dxe5 19. b4 a6 20. Rac1 h6 21. Be3 Qb7+ 22. Kg1 Bg5 23. Bxg5 hxg5 24. Rc5 Rxc5 25. bxc5 Rc8 26. Rc1 Qb5 27. Qc2 Rc6 28. h3 g6 29. Qc3 e4 30. Qe3 Qd3 31. Qxg5 Qxa3 32. h4 e3 33. Qxe3 Qxe3 34. fxe3 a5 35. Kf2 a4 36. Kf3 a3 37. Ra1 Rxc5 38. Rxa3 Kg7 39. g4 Rc4 40. Rd3 Ra4 41. Rd5 Ra1 42. h5 Rh1 43. hxg6 Kxg6 44. Rd6+ f6 45. Rd5 Rf1+ 46. Kg2 Re1 47. Kf2 Ra1 48. e4 Ra4 49. Kf3 Ra3+ 50. Kf4 Ra1 51. Rd6 Rf1+ 52. Kg3 Rg1+ 53. Kf3 Rf1+ 54. Ke3 Rg1 55. Kf4 Rf1+ 56. Kg3 Rg1+ 57. Kf3 Re1 58. Kf4 Rf1+ 1/2-1/2


[Site "https://www.chess.com"]